Workbook

Sheet ANEXO 1 ANÁLISIS DE COTIZACIÓN
D2: ANEXO 1 - ANÁLISIS DE COTIZACIONES
D3: PRESTAR EL SERVICIO INTEGRAL DE MESA DE SERVICIOS Y SOPORTE TÉCNICO.
B4: DESCRIPCIÓN DE LA NECESIDAD | G4: COTIZACIÓN 1 - SONDA DE COLOMBIA S.A. | I4: COTIZACIÓN 2 - COINSA S.A.S. | K4: COTIZACIÓN 3 - S3 - SIMPLE SMART SPEEDY | M4: COTIZACIÓN 4 - PC LOGIN.COM S.A.S. | O4: COTIZACIÓN 5 - TSG THE IT EXPERTS S.A.S. | Q4: COTIZACIÓN 6 - B2B TIC GLOBAL S.A.S. | S4: COTIZACIÓN 7 - GROW DATA S.A.S. | V4: VALOR COTIZACIÓN HÁBIL MÁS BAJA | W4: PROMEDIO | X4: VALOR COTIZACIÓN HÁBIL MÁS ALTA | Y4: PORCENTAJE DIFERENCIAL (PROMEDIO/BAJA) | Z4: MEDIA ARITMÉTICA BAJA | AB4: ANÁLISIS DE COTIZACIONES
B5: Ítem | C5: Descripción del Bien o Servicio | D5: Unidad de Medida | E5: Cantidad | G5: Valor Unitario Mensual sin IVA | I5: Valor Unitario Mensual sin IVA | K5: Valor Unitario Mensual sin IVA | M5: Valor Unitario Mensual sin IVA | O5: Valor Unitario Mensual sin IVA | Q5: Valor Unitario Mensual sin IVA | S5: Valor Unitario Mensual sin IVA | Y5: 25 % < / > | AB5: Valor Unitario Mensual sin IVA | AC5: Valor Unitario Mensual IVA | AD5: Valor Unitario Mensual Incluido IVA | AE5: Valor Total Mensual Incluido IVA
B6: 1 | C6: Servicio integral de Mesa de servicios | D6: Valor Global | E6: 24 | H6: =+ROUND((G6*0.19),2) -> 0 | J6: =+I6*$E6 -> 0
B7: 1.1 | C7: Gerente de Proyecto | D7: Persona | E7: 1 | G7: 28226853 | I7: 32943034 | K7: 31962734 | M7: 41779939 | O7: 41318662 | Q7: 53671153 | S7: 30542758 | V7: =+MIN(G7,I7,K7,M7,O7,S7) -> 28226853 | W7: =+AVERAGE(G7,I7,K7,M7,O7,S7) -> 34462330 | X7: =+MAX(G7,I7,K7,M7,O7,S7) -> 41779939 | Y7: =+(W7/V7)-1 -> 0.22090585 | Z7: =+AVERAGE(V7,W7) -> 31344592 | AB7: =+ROUND(Z7,2) -> 31344592 | AC7: =+ROUND(AB7*19%,2) -> 5955472.4 | AD7: =+ROUND(AB7+AC7,2) -> 37300064 | AE7: =+ROUND(AD7*E7,2) -> 37300064
B8: 1.2 | C8: Coordinador de Agentes de Mesa | D8: Persona | E8: 1 | G8: 13789640 | I8: 22349588 | K8: 16439963 | M8: 29613283 | O8: 21485704 | Q8: 26440431 | S8: 15297452 | V8: =+MIN(G8,I8,K8,M8,O8,Q8,S8) -> 13789640 | W8: =+AVERAGE(G8,I8,K8,M8,O8,Q8,S8) -> 20773723 | X8: =+MAX(G8,I8,K8,M8,O8,Q8,S8) -> 29613283 | Y8: =+(W8/V8)-1 -> 0.50647323 | Z8: =+AVERAGE(V8,W8) -> 17281681 | AB8: =+ROUND(Z8,2) -> 17281681 | AC8: =+ROUND(AB8*19%,2) -> 3283519.4 | AD8: =+ROUND(AB8+AC8,2) -> 20565201 | AE8: =+ROUND(AD8*E8,2) -> 20565201
B9: 1.3 | C9: Coordinador Técnicos de Soporte en Sitio Nacional | D9: Persona | E9: 2 | G9: 12008784 | H9: =+ROUND((G9*0.19),2) -> 2281669 | I9: 29274084 | J9: =+I9*$E9 -> 58548168 | K9: 16439963 | M9: 22991679 | O9: 21485704 | Q9: 30847170 | S9: 14728730 | V9: =+MIN(G9,I9,K9,M9,O9,Q9,S9) -> 12008784 | W9: =+AVERAGE(G9,I9,K9,M9,O9,Q9,S9) -> 21110874 | X9: =+MAX(G9,I9,K9,M9,O9,Q9,S9) -> 30847170 | Y9: =+(W9/V9)-1 -> 0.75795257 | Z9: =+AVERAGE(V9,W9) -> 16559829 | AB9: =+ROUND(Z9,2) -> 16559829 | AC9: =+ROUND(AB9*19%,2) -> 3146367.5 | AD9: =+ROUND(AB9+AC9,2) -> 19706197 | AE9: =+ROUND(AD9*E9,2) -> 39412393
B10: 1.4 | C10: Agente de mesa | D10: Persona | E10: 40 | G10: 6620489 | I10: 7337899.3 | K10: 9064743 | M10: 12422534 | O10: 12444533 | Q10: 14927077 | S10: 8038259.2 | V10: =+MIN(G10,I10,K10,M10,O10,S10) -> 6620489 | W10: =+AVERAGE(G10,I10,K10,M10,O10,S10) -> 9321409.6 | X10: =+MAX(G10,I10,K10,M10,O10,S10) -> 12444533 | Y10: =+(W10/V10)-1 -> 0.40796393 | Z10: =+AVERAGE(V10,W10) -> 7970949.3 | AB10: =+ROUND(Z10,2) -> 7970949.3 | AC10: =+ROUND(AB10*19%,2) -> 1514480.4 | AD10: =+ROUND(AB10+AC10,2) -> 9485429.7 | AE10: =+ROUND(AD10*E10,2) -> 3.7941719e+08
B11: 1.5 | C11: Personal técnico y operación en sitio | D11: Persona | E11: 158 | G11: 6521843.9 | I11: 4586187.1 | K11: 8417261 | M11: 15997399 | O11: 11616159 | Q11: 14626194 | S11: 9001474.8 | V11: =+MIN(G11,I11,K11,O11,S11) -> 4586187.1 | W11: =+AVERAGE(G11,I11,K11,O11,S11) -> 8028585.1 | X11: =+MAX(G11,I11,K11,O11,S11) -> 11616159 | Y11: =+(W11/V11)-1 -> 0.75060131 | Z11: =+AVERAGE(V11,W11) -> 6307386.1 | AB11: =+ROUND(Z11,2) -> 6307386.1 | AC11: =+ROUND(AB11*19%,2) -> 1198403.4 | AD11: =+ROUND(AB11+AC11,2) -> 7505789.4 | AE11: =+ROUND(AD11*E11,2) -> 1.1859147e+09
B12: 1.6 | C12: Administrador de Actualización de Equipos TI | D12: Persona | E12: 1 | G12: 15199075 | H12: =+ROUND((G12*0.19),2) -> 2887824.2 | I12: 22013698 | J12: =+I12*$E12 -> 22013698 | K12: 16187041 | M12: 27216920 | O12: 21155155 | Q12: 25683572 | S12: 16719256 | V12: =+MIN(G12,I12,K12,O12,Q12,S12) -> 15199075 | W12: =+AVERAGE(G12,I12,K12,O12,Q12,S12) -> 19492966 | X12: =+MAX(G12,I12,K12,O12,Q12,S12) -> 25683572 | Y12: =+(W12/V12)-1 -> 0.28251005 | Z12: =+AVERAGE(V12,W12) -> 17346020 | AB12: =+ROUND(Z12,2) -> 17346020 | AC12: =+ROUND(AB12*19%,2) -> 3295743.9 | AD12: =+ROUND(AB12+AC12,2) -> 20641764 | AE12: =+ROUND(AD12*E12,2) -> 20641764
B13: 1.7 | C13: Gestor de Incidentes y Solicitudes de Servicio | D13: Persona | E13: 1 | G13: 13789640 | I13: 10273059 | K13: 16439963 | M13: 26440431 | O13: 21485704 | Q13: 29378257 | S13: 15866173 | V13: =+MIN(G13,I13,K13,M13,O13,S13) -> 10273059 | W13: =+AVERAGE(G13,I13,K13,M13,O13,S13) -> 17382495 | X13: =+MAX(G13,I13,K13,M13,O13,S13) -> 26440431 | Y13: =+(W13/V13)-1 -> 0.69204664 | Z13: =+AVERAGE(V13,W13) -> 13827777 | AB13: =+ROUND(Z13,2) -> 13827777 | AC13: =+ROUND(AB13*19%,2) -> 2627277.6 | AD13: =+ROUND(AB13+AC13,2) -> 16455055 | AE13: =+ROUND(AD13*E13,2) -> 16455055
B14: 1.8 | C14: Gestor de Problemas | D14: Persona | E14: 1 | G14: 13789640 | I14: 10273059 | K14: 16439963 | M14: 23881680 | O14: 21485704 | Q14: 26440431 | S14: 15866173 | V14: =+MIN(G14,I14,K14,M14,O14,S14) -> 10273059 | W14: =+AVERAGE(G14,I14,K14,M14,O14,S14) -> 16956037 | X14: =+MAX(G14,I14,K14,M14,O14,S14) -> 23881680 | Y14: =+(W14/V14)-1 -> 0.65053432 | Z14: =+AVERAGE(V14,W14) -> 13614548 | AB14: =+ROUND(Z14,2) -> 13614548 | AC14: =+ROUND(AB14*19%,2) -> 2586764.1 | AD14: =+ROUND(AB14+AC14,2) -> 16201312 | AE14: =+ROUND(AD14*E14,2) -> 16201312
B15: 1.9 | C15: Gestor de Cambios y Liberaciones | D15: Persona | E15: 1 | G15: 13789640 | H15: =+ROUND((G15*0.19),2) -> 2620031.5 | I15: 10273059 | J15: =+I15*$E15 -> 10273059 | K15: 16439963 | M15: 25353838 | O15: 21485704 | Q15: 30341479 | S15: 15866173 | V15: =+MIN(G15,I15,K15,O15,S15) -> 10273059 | W15: =+AVERAGE(G15,I15,K15,M15,O15,Q15,S15) -> 19078551 | X15: =+MAX(G15,I15,K15,O15,S15) -> 21485704 | Y15: =+(W15/V15)-1 -> 0.85714409 | Z15: =+AVERAGE(V15,W15) -> 14675805 | AB15: =+ROUND(Z15,2) -> 14675805 | AC15: =+ROUND(AB15*19%,2) -> 2788402.9 | AD15: =+ROUND(AB15+AC15,2) -> 17464208 | AE15: =+ROUND(AD15*E15,2) -> 17464208
B16: 1.10 | C16: Gestor de Activos y Configuración (CMDB) | D16: Persona | E16: 1 | G16: 13789640 | I16: 10273059 | K16: 16439963 | M16: 21032161 | O16: 21485704 | Q16: 26440431 | S16: 15866173 | V16: =+MIN(G16,I16,K16,M16,O16,S16) -> 10273059 | W16: =+AVERAGE(G16,I16,K16,M16,O16,S16) -> 16481117 | X16: =+MAX(G16,I16,K16,M16,O16,S16) -> 21485704 | Y16: =+(W16/V16)-1 -> 0.60430468 | Z16: =+AVERAGE(V16,W16) -> 13377088 | AB16: =+ROUND(Z16,2) -> 13377088 | AC16: =+ROUND(AB16*19%,2) -> 2541646.7 | AD16: =+ROUND(AB16+AC16,2) -> 15918735 | AE16: =+ROUND(AD16*E16,2) -> 15918735
B17: 1.11 | C17: Gestor de Conocimiento y Mejora Continua | D17: Persona | E17: 1 | G17: 13789640 | I17: 10273059 | K17: 16439963 | M17: 32758056 | O17: 21485704 | Q17: 26440431 | S17: 15866173 | V17: =+MIN(G17,I17,K17,O17,S17) -> 10273059 | W17: =+AVERAGE(G17,I17,K17,O17,S17) -> 15570908 | X17: =+MAX(G17,I17,K17,O17,S17) -> 21485704 | Y17: =+(W17/V17)-1 -> 0.51570314 | Z17: =+AVERAGE(V17,W17) -> 12921983 | AB17: =+ROUND(Z17,2) -> 12921983 | AC17: =+ROUND(AB17*19%,2) -> 2455176.9 | AD17: =+ROUND(AB17+AC17,2) -> 15377160 | AE17: =+ROUND(AD17*E17,2) -> 15377160
B18: 1.12 | C18: Gestor de Calidad del Servicio | D18: Persona | E18: 1 | G18: 13789640 | I18: 10273059 | K18: 16439963 | M18: 34594957 | O18: 21485704 | Q18: 26440431 | S18: 15866173 | V18: =+MIN(G18,I18,K18,O18,S18) -> 10273059 | W18: =+AVERAGE(G18,I18,K18,O18,S18) -> 15570908 | X18: =+MAX(G18,I18,K18,O18,S18) -> 21485704 | Y18: =+(W18/V18)-1 -> 0.51570314 | Z18: =+AVERAGE(V18,W18) -> 12921983 | AB18: =+ROUND(Z18,2) -> 12921983 | AC18: =+ROUND(AB18*19%,2) -> 2455176.9 | AD18: =+ROUND(AB18+AC18,2) -> 15377160 | AE18: =+ROUND(AD18*E18,2) -> 15377160
B19: 1.13 | C19: Componentes de la Mesa integral de Servicios | D19: Valor Global | E19: 24 | G19: 21343813 | I19: 12380552 | K19: 10298399 | M19: 20040698 | O19: 7.6575825e+08 | Q19: 496392666 | S19: 8872545.5 | V19: =+MIN(G19,I19,K19,M19) -> 10298399 | W19: =+AVERAGE(G19,I19,K19,M19) -> 16015865 | X19: =+MAX(G19,I19,K19,M19) -> 21343813 | Y19: =+(W19/V19)-1 -> 0.55518006 | Z19: =+AVERAGE(V19,W19) -> 13157132 | AB19: =+W19 -> 16015865 | AC19: =+ROUND(AB19*19%,2) -> 3043014.4 | AD19: =+ROUND(AB19+AC19,2) -> 19058880 | AE19: =+ROUND(AD19*E19,2) -> 4.5741312e+08
B20: 2 | C20: Implementación, Licenciamiento, Soporte y Administración De Una Herramienta De Gestión ITSM. | D20: Valor Global | E20: 1 | G20: 5.008689e+08 | H20: ='ANEXO 2 RESULTADO COTIZACIONES'!J21 -> 0 | I20: 1.8159457e+08 | J20: =+H20+I20 -> 1.8159457e+08 | K20: 304000000 | M20: 39094875074 | O20: 653125021 | Q20: 37340617859 | S20: 4.3882113e+08 | V20: =+MIN(G20,K20,O20,S20) -> 304000000 | W20: =+AVERAGE(G20,K20,O20,S20) -> 4.7420376e+08 | X20: =+MAX(G20,K20,O20,S20) -> 653125021 | Y20: =+(W20/V20)-1 -> 0.5598808 | Z20: =+AVERAGE(V20,W20) -> 3.8910188e+08 | AB20: =+ROUND(Z20,2) -> 3.8910188e+08 | AC20: =+ROUND(AB20*19%,2) -> 73929358 | AD20: =+ROUND(AB20+AC20,2) -> 4.6303124e+08 | AE20: =+ROUND(AD20*E20,2) -> 4.6303124e+08
AB21: TOTAL | AE21: =+SUM(AE7:AE20) -> 2.7004893e+09
B22: NOTAS:
B23: 1) Se realizó el estudio con SIETE (7) cotizaciones, las cuales cumplen con lo solicitado por la Fiscalía General de la Nación.
B24: 2) De las cotizaciones 4, 5, 6 y 7, se determinó excluir del análisis los ítems que se relacionan a continuación, por identificarse como valores atípicos frente al comportamiento del mercado: de la cotización 2 (COINSA S.A.S.) el ítem 2, de la 4 (PC LOGIN.COM S.A.S.), los ítems 1.5, 1.6, 1.9, 1.11, 1.12 y 2; de la 5 (TSG THE IT EXPERTS S.A.S.), el ítem 1.13; de la 6 (B2B TIC GLOBAL S.A.S.), los ítems 1.1, 1.4, 1.5, 1.6, 1.7, 1.8, 1.9, 1.10, 1.11, 1.12, 1.13 y 2; y de la 7 (GROW DATA S.A.S.), el ítem 1.13. Esta decisión se fundamenta en que dichos valores exceden los límites inferior y superior establecidos mediante el método del rango intercuartílico (Q1 - 25%), evidenciando una desviación significativa respecto de las referencias. Lo anterior, en cumplimiento de lo previsto en el numeral 8.3.4 de la Guía para la Elaboración de Estudios de Sector.
B25: 3) A fin de establecer precios de referencia representativos, la elección del método de cálculo se fundamentó en la dispersión de las ofertas. De este modo, para los ítems 1.1 al 1.12 y el ítem 2, se utilizó la fórmula de media aritmética baja, debido a que el diferencial entre la oferta menor y el promedio supera el 25%, denotando una distancia considerable entre los precios. En contraste, para el ítem 1.13 se optó por la fórmula de promedio, ya que la diferencia entre la oferta más baja y la media refleja un margen estrecho y un comportamiento comercial uniforme.
B26: 4) En el presente análisis se aplicó el procedimiento de aproximación generalmente aceptado por las reglas matemáticas denominado redondeo, que consiste en acercar los valores decimales al número entero más aproximado (esto es, si el tercer decimal es menor que 5, el segundo decimal se mantiene; si el tercer decimal es igual o mayor que 5, el segundo decimal se incrementa en uno).
B28: Fecha de elaboración: 06/10/2026
B30: Elaboró | C30: Catherine Herrera Muñoz Profesional Equipo Estudio del Sector Subdirección Nacional de Gestión Contractual
B31: Aprobó | C31: Vanessa González Villalba Profesional Equipo Estudio del Sector Subdirección Nacional de Gestión Contractual

Sheet ANEXO 2 RESULTADO COTIZACIONES
D2: ANEXO 3 - PROYECCIÓN DE COSTOS
D3: =+'ANEXO 1 ANÁLISIS DE COTIZACIÓN'!D3 -> PRESTAR EL SERVICIO INTEGRAL DE MESA DE SERVICIOS Y SOPORTE TÉCNICO.
B4: DESCRIPCIÓN DE LA NECESIDAD | G4: ANÁLISIS DE COTIZACIONES | I4: PROYECCIÓN DE COSTOS
B5: Ítem | C5: Descripción del Bien o Servicio | D5: Unidad de Medida | E5: Cantidad | G5: VALOR UNITARIO MENSUAL SIN IVA | I5: Valor Unitario Mensual sin IVA | J5: Valor Mensual IVA | K5: Valor Unitario Mesual Incluido IVA | L5: Valor Total Mensual Incluido IVA
B6: 1 | C6: Servicio integral de Mesa de servicios | D6: Valor Global | E6: 24
B7: 1.1 | C7: Gerente de Proyecto | D7: Persona | E7: 1 | G7: ='ANEXO 1 ANÁLISIS DE COTIZACIÓN'!AB7 -> 31344592 | I7: =G7 -> 31344592 | J7: =+ROUND((I7*19/100),2) -> 5955472.4 | K7: =ROUND((+I7+J7),2) -> 37300064 | L7: =+K7*$E7 -> 37300064
B8: 1.2 | C8: Coordinador de Agentes de Mesa | D8: Persona | E8: 1 | G8: ='ANEXO 1 ANÁLISIS DE COTIZACIÓN'!AB8 -> 17281681 | I8: =G8 -> 17281681 | J8: =+ROUND((I8*19/100),2) -> 3283519.4 | K8: =ROUND((+I8+J8),2) -> 20565201 | L8: =+K8*$E8 -> 20565201
B9: 1.3 | C9: Coordinador Técnicos de Soporte en Sitio Nacional | D9: Persona | E9: 2 | G9: ='ANEXO 1 ANÁLISIS DE COTIZACIÓN'!AB9 -> 16559829 | I9: =G9 -> 16559829 | J9: =+ROUND((I9*19/100),2) -> 3146367.5 | K9: =ROUND((+I9+J9),2) -> 19706197 | L9: =+K9*$E9 -> 39412393
B10: 1.4 | C10: Agente de mesa | D10: Persona | E10: 40 | G10: ='ANEXO 1 ANÁLISIS DE COTIZACIÓN'!AB10 -> 7970949.3 | I10: =G10 -> 7970949.3 | J10: =+ROUND((I10*19/100),2) -> 1514480.4 | K10: =ROUND((+I10+J10),2) -> 9485429.7 | L10: =+K10*$E10 -> 3.7941719e+08
B11: 1.5 | C11: Personal técnico y operación en sitio | D11: Persona | E11: 158 | G11: ='ANEXO 1 ANÁLISIS DE COTIZACIÓN'!AB11 -> 6307386.1 | I11: =G11 -> 6307386.1 | J11: =+ROUND((I11*19/100),2) -> 1198403.4 | K11: =ROUND((+I11+J11),2) -> 7505789.4 | L11: =+K11*$E11 -> 1.1859147e+09
B12: 1.6 | C12: Administrador de Actualización de Equipos TI | D12: Persona | E12: 1 | G12: ='ANEXO 1 ANÁLISIS DE COTIZACIÓN'!AB12 -> 17346020 | I12: =G12 -> 17346020 | J12: =+ROUND((I12*19/100),2) -> 3295743.9 | K12: =ROUND((+I12+J12),2) -> 20641764 | L12: =+K12*$E12 -> 20641764
B13: 1.7 | C13: Gestor de Incidentes y Solicitudes de Servicio | D13: Persona | E13: 1 | G13: ='ANEXO 1 ANÁLISIS DE COTIZACIÓN'!AB13 -> 13827777 | I13: =G13 -> 13827777 | J13: =+ROUND((I13*19/100),2) -> 2627277.6 | K13: =ROUND((+I13+J13),2) -> 16455055 | L13: =+K13*$E13 -> 16455055
B14: 1.8 | C14: Gestor de Problemas | D14: Persona | E14: 1 | G14: ='ANEXO 1 ANÁLISIS DE COTIZACIÓN'!AB14 -> 13614548 | I14: =G14 -> 13614548 | J14: =+ROUND((I14*19/100),2) -> 2586764.1 | K14: =ROUND((+I14+J14),2) -> 16201312 | L14: =+K14*$E14 -> 16201312
B15: 1.9 | C15: Gestor de Cambios y Liberaciones | D15: Persona | E15: 1 | G15: ='ANEXO 1 ANÁLISIS DE COTIZACIÓN'!AB15 -> 14675805 | I15: =G15 -> 14675805 | J15: =+ROUND((I15*19/100),2) -> 2788402.9 | K15: =ROUND((+I15+J15),2) -> 17464208 | L15: =+K15*$E15 -> 17464208
B16: 1.10 | C16: Gestor de Activos y Configuración (CMDB) | D16: Persona | E16: 1 | G16: ='ANEXO 1 ANÁLISIS DE COTIZACIÓN'!AB16 -> 13377088 | I16: =G16 -> 13377088 | J16: =+ROUND((I16*19/100),2) -> 2541646.7 | K16: =ROUND((+I16+J16),2) -> 15918735 | L16: =+K16*$E16 -> 15918735
B17: 1.11 | C17: Gestor de Conocimiento y Mejora Continua | D17: Persona | E17: 1 | G17: ='ANEXO 1 ANÁLISIS DE COTIZACIÓN'!AB17 -> 12921983 | I17: =G17 -> 12921983 | J17: =+ROUND((I17*19/100),2) -> 2455176.9 | K17: =ROUND((+I17+J17),2) -> 15377160 | L17: =+K17*$E17 -> 15377160
B18: 1.12 | C18: Gestor de Calidad del Servicio | D18: Persona | E18: 1 | G18: ='ANEXO 1 ANÁLISIS DE COTIZACIÓN'!AB18 -> 12921983 | I18: =G18 -> 12921983 | J18: =+ROUND((I18*19/100),2) -> 2455176.9 | K18: =ROUND((+I18+J18),2) -> 15377160 | L18: =+K18*$E18 -> 15377160
B19: 1.13 | C19: Componentes de la Mesa integral de Servicios | D19: Valor Global | E19: 24 | G19: ='ANEXO 1 ANÁLISIS DE COTIZACIÓN'!AB19 -> 16015865 | I19: =G19 -> 16015865 | J19: =+ROUND((I19*19/100),2) -> 3043014.4 | K19: =ROUND((+I19+J19),2) -> 19058880 | L19: =+K19*$E19 -> 4.5741312e+08
B20: 2 | C20: Implementación, Licenciamiento, Soporte y Administración De Una Herramienta De Gestión ITSM. | D20: Valor Global | E20: 1 | G20: ='ANEXO 1 ANÁLISIS DE COTIZACIÓN'!AB20 -> 3.8910188e+08 | I20: =G20 -> 3.8910188e+08 | J20: =+ROUND((I20*19/100),2) -> 73929358 | K20: =ROUND((+I20+J20),2) -> 4.6303124e+08 | L20: =+K20*$E20 -> 4.6303124e+08
I21: TOTAL | K21: TOTAL | L21: =SUM(L7:L20) -> 2.7004893e+09
B22: Notas:
B23: 1) En el presente análisis se aplicó el procedimiento de aproximación generalmente aceptado por las reglas matemáticas denominado redondeo, que consiste en acercar los valores decimales al número entero más aproximado (esto es, si el tercer decimal es menor que 5, el segundo decimal se mantiene; si el tercer decimal es igual o mayor que 5, el segundo decimal se incrementa en uno).
B25: Fecha de elaboración: 06/10/2026
B27: Elaboró | C27: Catherine Herrera Muñoz Profesional Equipo Estudio del Sector Subdirección Nacional de Gestión Contractual
B28: Aprobó | C28: Vanessa González Villalba Profesional Equipo Estudio del Sector Subdirección Nacional de Gestión Contractual

Sheet ANEXO 3 - ESTUDIO DEL SECTOR 
D2: ANEXO 3 - ESTUDIO DEL SECTOR
D3: PRESTAR EL SERVICIO INTEGRAL DE MESA DE SERVICIOS Y SOPORTE TÉCNICO.
B4: DESCRIPCIÓN DE LA NECESIDAD | G4: VALOR MENSUAL VIGENCIAS 2026, 2027 y 2028 | L4: 8 DÍAS DE DICIEMBRE DE 2026 (24 AL31) | Q4: PRESUPUESTO 2027 (12 MESES) | W4: PRESUPUESTO 2028 (11 MESES Y 23 DÍAS) | AD4: VALOR TOTAL MENSUAL DE LA MESA DE SERVICIOS INCLUIDO IVA POR VEINTICUATRO (24) MESES
B5: Ítem | C5: Descripción del Bien o Servicio | D5: Unidad de Medida | E5: Cantidad | G5: Valor Unitario Mensual sin IVA | H5: Valor Mensual IVA | I5: Valor Unitario Mesual Incluido IVA | J5: Valor Total Mensual Incluido IVA | L5: Valor Unitario Diario sin IVA | M5: Valor IVA Unitario Diario | N5: Valor Unitario Diario Incluido IVA | O5: Valor Total por 8 Días Incluido IVA | Q5: Valor Unitario Mensual sin IVA | R5: Valor IVA Unitario Mensual | S5: Valor Unitario Mesual Incluido IVA | T5: Valor Total Mensual Incluido IVA | U5: Valor Total por 12 Meses Incluido IVA | W5: Valor Unitario Mensual sin IVA | X5: Valor IVA Unitario Mensual | Y5: Valor Unitario Mesual Incluido IVA | Z5: Valor Total Mensual Incluido IVA | AA5: Valor Unitario Mesual Incluido IVA 23 días | AB5: Valor Total por 11 Meses y 23 Días Incluido IVA
B6: 1 | C6: Servicio integral de Mesa de servicios | D6: Valor Global | E6: 24
B7: 1.1 | C7: Gerente de Proyecto | D7: Persona | E7: 1 | G7: ='ANEXO 2 RESULTADO COTIZACIONES'!I7 -> 31344592 | H7: =+ROUND((G7*0.19),2) -> 5955472.4 | I7: =+ROUND((G7+H7),2) -> 37300064 | J7: =+I7*$E7 -> 37300064 | L7: =+ROUND((G7/30),2) -> 1044819.7 | M7: =+ROUND((L7*0.19),2) -> 198515.75 | N7: =+ROUND((L7+M7)*E7,2) -> 1243335.5 | O7: =+ROUND(N7*8,2) -> 9946683.8 | Q7: =G7 -> 31344592 | R7: =+ROUND((Q7*0.19),2) -> 5955472.4 | S7: =+ROUND((Q7+R7),2) -> 37300064 | T7: =+S7*$E7 -> 37300064 | U7: =+T7*12 -> 4.4760077e+08 | W7: =G7 -> 31344592 | X7: =+ROUND((W7*0.19),2) -> 5955472.4 | Y7: =+ROUND((W7+X7),2) -> 37300064 | Z7: =+Y7*E7 -> 37300064 | AA7: =+N7*23 -> 28596716 | AB7: =+ROUND(Z7*11+AA7,2) -> 4.3889742e+08 | AD7: =+AB7+U7+O7 -> 8.9644487e+08
B8: 1.2 | C8: Coordinador de Agentes de Mesa | D8: Persona | E8: 1 | G8: ='ANEXO 2 RESULTADO COTIZACIONES'!I8 -> 17281681 | H8: =+ROUND((G8*0.19),2) -> 3283519.4 | I8: =+ROUND((G8+H8),2) -> 20565201 | J8: =+I8*$E8 -> 20565201 | L8: =+ROUND((G8/30),2) -> 576056.04 | M8: =+ROUND((L8*0.19),2) -> 109450.65 | N8: =+ROUND((L8+M8)*E8,2) -> 685506.69 | O8: =+ROUND(N8*8,2) -> 5484053.5 | Q8: =G8 -> 17281681 | R8: =+ROUND((Q8*0.19),2) -> 3283519.4 | S8: =+ROUND((Q8+R8),2) -> 20565201 | T8: =+S8*$E8 -> 20565201 | U8: =+T8*12 -> 2.4678241e+08 | W8: =G8 -> 17281681 | X8: =+ROUND((W8*0.19),2) -> 3283519.4 | Y8: =+W8+X8 -> 20565201 | Z8: =+Y8*E8 -> 20565201 | AA8: =+N8*23 -> 15766654 | AB8: =+ROUND(Z8*11+AA8,2) -> 2.4198386e+08 | AD8: =+AB8+U8+O8 -> 4.9425032e+08
B9: 1.3 | C9: Coordinador Técnicos de Soporte en Sitio Nacional | D9: Persona | E9: 2 | G9: ='ANEXO 2 RESULTADO COTIZACIONES'!I9 -> 16559829 | H9: =+ROUND((G9*0.19),2) -> 3146367.5 | I9: =+ROUND((G9+H9),2) -> 19706197 | J9: =+I9*$E9 -> 39412393 | L9: =+ROUND((G9/30),2) -> 551994.3 | M9: =+ROUND((L9*0.19),2) -> 104878.92 | N9: =+ROUND((L9+M9)*E9,2) -> 1313746.4 | O9: =+ROUND(N9*8,2) -> 10509972 | Q9: =G9 -> 16559829 | R9: =+ROUND((Q9*0.19),2) -> 3146367.5 | S9: =+ROUND((Q9+R9),2) -> 19706197 | T9: =+S9*$E9 -> 39412393 | U9: =+T9*12 -> 4.7294872e+08 | W9: =G9 -> 16559829 | X9: =+ROUND((W9*0.19),2) -> 3146367.5 | Y9: =+W9+X9 -> 19706197 | Z9: =+Y9*E9 -> 39412393 | AA9: =+N9*23 -> 30216168 | AB9: =+ROUND(Z9*11+AA9,2) -> 4.6375249e+08 | AD9: =+AB9+U9+O9 -> 9.4721118e+08
B10: 1.4 | C10: Agente de mesa | D10: Persona | E10: 40 | G10: ='ANEXO 2 RESULTADO COTIZACIONES'!I10 -> 7970949.3 | H10: =+ROUND((G10*0.19),2) -> 1514480.4 | I10: =+ROUND((G10+H10),2) -> 9485429.7 | J10: =+I10*$E10 -> 3.7941719e+08 | L10: =+ROUND((G10/30),2) -> 265698.31 | M10: =+ROUND((L10*0.19),2) -> 50482.68 | N10: =+ROUND((L10+M10)*E10,2) -> 12647240 | O10: =+ROUND(N10*8,2) -> 1.0117792e+08 | Q10: =G10 -> 7970949.3 | R10: =+ROUND((Q10*0.19),2) -> 1514480.4 | S10: =+ROUND((Q10+R10),2) -> 9485429.7 | T10: =+S10*$E10 -> 3.7941719e+08 | U10: =+T10*12 -> 4.5530062e+09 | W10: =G10 -> 7970949.3 | X10: =+ROUND((W10*0.19),2) -> 1514480.4 | Y10: =+W10+X10 -> 9485429.7 | Z10: =+Y10*E10 -> 3.7941719e+08 | AA10: =+N10*23 -> 2.9088651e+08 | AB10: =+ROUND(Z10*11+AA10,2) -> 4464475570 | AD10: =+AB10+U10+O10 -> 9.1186597e+09
B11: 1.5 | C11: Personal técnico y operación en sitio | D11: Persona | E11: 158 | G11: ='ANEXO 2 RESULTADO COTIZACIONES'!I11 -> 6307386.1 | H11: =+ROUND((G11*0.19),2) -> 1198403.4 | I11: =+ROUND((G11+H11),2) -> 7505789.4 | J11: =+I11*$E11 -> 1.1859147e+09 | L11: =+ROUND((G11/30),2) -> 210246.2 | M11: =+ROUND((L11*0.19),2) -> 39946.78 | N11: =+ROUND((L11+M11)*E11,2) -> 39530491 | O11: =+ROUND(N11*8,2) -> 3.1624393e+08 | Q11: =G11 -> 6307386.1 | R11: =+ROUND((Q11*0.19),2) -> 1198403.4 | S11: =+ROUND((Q11+R11),2) -> 7505789.4 | T11: =+S11*$E11 -> 1.1859147e+09 | U11: =+T11*12 -> 1.4230977e+10 | W11: =G11 -> 6307386.1 | X11: =+ROUND((W11*0.19),2) -> 1198403.4 | Y11: =+W11+X11 -> 7505789.4 | Z11: =+Y11*E11 -> 1.1859147e+09 | AA11: =+N11*23 -> 9.0920129e+08 | AB11: =+ROUND(Z11*11+AA11,2) -> 1.3954263e+10 | AD11: =+AB11+U11+O11 -> 28501484041
B12: 1.6 | C12: Administrador de Actualización de Equipos TI | D12: Persona | E12: 1 | G12: ='ANEXO 2 RESULTADO COTIZACIONES'!I12 -> 17346020 | H12: =+ROUND((G12*0.19),2) -> 3295743.9 | I12: =+ROUND((G12+H12),2) -> 20641764 | J12: =+I12*$E12 -> 20641764 | L12: =+ROUND((G12/30),2) -> 578200.68 | M12: =+ROUND((L12*0.19),2) -> 109858.13 | N12: =+ROUND((L12+M12)*E12,2) -> 688058.81 | O12: =+ROUND(N12*8,2) -> 5504470.5 | Q12: =G12 -> 17346020 | R12: =+ROUND((Q12*0.19),2) -> 3295743.9 | S12: =+ROUND((Q12+R12),2) -> 20641764 | T12: =+S12*$E12 -> 20641764 | U12: =+T12*12 -> 2.4770117e+08 | W12: =G12 -> 17346020 | X12: =+ROUND((W12*0.19),2) -> 3295743.9 | Y12: =+W12+X12 -> 20641764 | Z12: =+Y12*E12 -> 20641764 | AA12: =+N12*23 -> 15825353 | AB12: =+ROUND(Z12*11+AA12,2) -> 2.4288476e+08 | AD12: =+AB12+U12+O12 -> 4.960904e+08
B13: 1.7 | C13: Gestor de Incidentes y Solicitudes de Servicio | D13: Persona | E13: 1 | G13: ='ANEXO 2 RESULTADO COTIZACIONES'!I13 -> 13827777 | H13: =+ROUND((G13*0.19),2) -> 2627277.6 | I13: =+ROUND((G13+H13),2) -> 16455055 | J13: =+I13*$E13 -> 16455055 | L13: =+ROUND((G13/30),2) -> 460925.9 | M13: =+ROUND((L13*0.19),2) -> 87575.92 | N13: =+ROUND((L13+M13)*E13,2) -> 548501.82 | O13: =+ROUND(N13*8,2) -> 4388014.6 | Q13: =G13 -> 13827777 | R13: =+ROUND((Q13*0.19),2) -> 2627277.6 | S13: =+ROUND((Q13+R13),2) -> 16455055 | T13: =+S13*$E13 -> 16455055 | U13: =+T13*12 -> 1.9746066e+08 | W13: =G13 -> 13827777 | X13: =+ROUND((W13*0.19),2) -> 2627277.6 | Y13: =+W13+X13 -> 16455055 | Z13: =+Y13*E13 -> 16455055 | AA13: =+N13*23 -> 12615542 | AB13: =+ROUND(Z13*11+AA13,2) -> 1.9362114e+08 | AD13: =+AB13+U13+O13 -> 3.9546981e+08
B14: 1.8 | C14: Gestor de Problemas | D14: Persona | E14: 1 | G14: ='ANEXO 2 RESULTADO COTIZACIONES'!I14 -> 13614548 | H14: =+ROUND((G14*0.19),2) -> 2586764.1 | I14: =+ROUND((G14+H14),2) -> 16201312 | J14: =+I14*$E14 -> 16201312 | L14: =+ROUND((G14/30),2) -> 453818.26 | M14: =+ROUND((L14*0.19),2) -> 86225.47 | N14: =+ROUND((L14+M14)*E14,2) -> 540043.73 | O14: =+ROUND(N14*8,2) -> 4320349.8 | Q14: =G14 -> 13614548 | R14: =+ROUND((Q14*0.19),2) -> 2586764.1 | S14: =+ROUND((Q14+R14),2) -> 16201312 | T14: =+S14*$E14 -> 16201312 | U14: =+T14*12 -> 1.9441574e+08 | W14: =G14 -> 13614548 | X14: =+ROUND((W14*0.19),2) -> 2586764.1 | Y14: =+W14+X14 -> 16201312 | Z14: =+Y14*E14 -> 16201312 | AA14: =+N14*23 -> 12421006 | AB14: =+ROUND(Z14*11+AA14,2) -> 1.9063544e+08 | AD14: =+AB14+U14+O14 -> 3.8937153e+08
B15: 1.9 | C15: Gestor de Cambios y Liberaciones | D15: Persona | E15: 1 | G15: ='ANEXO 2 RESULTADO COTIZACIONES'!I15 -> 14675805 | H15: =+ROUND((G15*0.19),2) -> 2788402.9 | I15: =+ROUND((G15+H15),2) -> 17464208 | J15: =+I15*$E15 -> 17464208 | L15: =+ROUND((G15/30),2) -> 489193.5 | M15: =+ROUND((L15*0.19),2) -> 92946.77 | N15: =+ROUND((L15+M15)*E15,2) -> 582140.27 | O15: =+ROUND(N15*8,2) -> 4657122.2 | Q15: =G15 -> 14675805 | R15: =+ROUND((Q15*0.19),2) -> 2788402.9 | S15: =+ROUND((Q15+R15),2) -> 17464208 | T15: =+S15*$E15 -> 17464208 | U15: =+T15*12 -> 2.0957049e+08 | W15: =G15 -> 14675805 | X15: =+ROUND((W15*0.19),2) -> 2788402.9 | Y15: =+W15+X15 -> 17464208 | Z15: =+Y15*E15 -> 17464208 | AA15: =+N15*23 -> 13389226 | AB15: =+ROUND(Z15*11+AA15,2) -> 2.0549551e+08 | AD15: =+AB15+U15+O15 -> 4.1972313e+08
B16: 1.10 | C16: Gestor de Activos y Configuración (CMDB) | D16: Persona | E16: 1 | G16: ='ANEXO 2 RESULTADO COTIZACIONES'!I16 -> 13377088 | H16: =+ROUND((G16*0.19),2) -> 2541646.7 | I16: =+ROUND((G16+H16),2) -> 15918735 | J16: =+I16*$E16 -> 15918735 | L16: =+ROUND((G16/30),2) -> 445902.93 | M16: =+ROUND((L16*0.19),2) -> 84721.56 | N16: =+ROUND((L16+M16)*E16,2) -> 530624.49 | O16: =+ROUND(N16*8,2) -> 4244995.9 | Q16: =G16 -> 13377088 | R16: =+ROUND((Q16*0.19),2) -> 2541646.7 | S16: =+ROUND((Q16+R16),2) -> 15918735 | T16: =+S16*$E16 -> 15918735 | U16: =+T16*12 -> 1.9102481e+08 | W16: =G16 -> 13377088 | X16: =+ROUND((W16*0.19),2) -> 2541646.7 | Y16: =+W16+X16 -> 15918735 | Z16: =+Y16*E16 -> 15918735 | AA16: =+N16*23 -> 12204363 | AB16: =+ROUND(Z16*11+AA16,2) -> 1.8731044e+08 | AD16: =+AB16+U16+O16 -> 3.8258025e+08
B17: 1.11 | C17: Gestor de Conocimiento y Mejora Continua | D17: Persona | E17: 1 | G17: ='ANEXO 2 RESULTADO COTIZACIONES'!I17 -> 12921983 | H17: =+ROUND((G17*0.19),2) -> 2455176.9 | I17: =+ROUND((G17+H17),2) -> 15377160 | J17: =+I17*$E17 -> 15377160 | L17: =+ROUND((G17/30),2) -> 430732.78 | M17: =+ROUND((L17*0.19),2) -> 81839.23 | N17: =+ROUND((L17+M17)*E17,2) -> 512572.01 | O17: =+ROUND(N17*8,2) -> 4100576.1 | Q17: =G17 -> 12921983 | R17: =+ROUND((Q17*0.19),2) -> 2455176.9 | S17: =+ROUND((Q17+R17),2) -> 15377160 | T17: =+S17*$E17 -> 15377160 | U17: =+T17*12 -> 1.8452592e+08 | W17: =G17 -> 12921983 | X17: =+ROUND((W17*0.19),2) -> 2455176.9 | Y17: =+W17+X17 -> 15377160 | Z17: =+Y17*E17 -> 15377160 | AA17: =+N17*23 -> 11789156 | AB17: =+ROUND(Z17*11+AA17,2) -> 1.8093792e+08 | AD17: =+AB17+U17+O17 -> 3.6956442e+08
B18: 1.12 | C18: Gestor de Calidad del Servicio | D18: Persona | E18: 1 | G18: ='ANEXO 2 RESULTADO COTIZACIONES'!I18 -> 12921983 | H18: =+ROUND((G18*0.19),2) -> 2455176.9 | I18: =+ROUND((G18+H18),2) -> 15377160 | J18: =+I18*$E18 -> 15377160 | L18: =+ROUND((G18/30),2) -> 430732.78 | M18: =+ROUND((L18*0.19),2) -> 81839.23 | N18: =+ROUND((L18+M18)*E18,2) -> 512572.01 | O18: =+ROUND(N18*8,2) -> 4100576.1 | Q18: =G18 -> 12921983 | R18: =+ROUND((Q18*0.19),2) -> 2455176.9 | S18: =+ROUND((Q18+R18),2) -> 15377160 | T18: =+S18*$E18 -> 15377160 | U18: =+T18*12 -> 1.8452592e+08 | W18: =G18 -> 12921983 | X18: =+ROUND((W18*0.19),2) -> 2455176.9 | Y18: =+W18+X18 -> 15377160 | Z18: =+Y18*E18 -> 15377160 | AA18: =+N18*23 -> 11789156 | AB18: =+ROUND(Z18*11+AA18,2) -> 1.8093792e+08 | AD18: =+AB18+U18+O18 -> 3.6956442e+08
B19: 1.13 | C19: Componentes de la Mesa integral de Servicios | D19: Persona | E19: 24 | G19: ='ANEXO 2 RESULTADO COTIZACIONES'!I19 -> 16015865 | H19: =+ROUND((G19*0.19),2) -> 3043014.4 | I19: =+ROUND((G19+H19),2) -> 19058880 | J19: =+I19*$E19 -> 4.5741312e+08 | L19: =+ROUND((G19/30),2) -> 533862.18 | M19: =+ROUND((L19*0.19),2) -> 101433.81 | N19: =+ROUND((L19+M19)*E19,2) -> 15247104 | O19: =+ROUND(N19*8,2) -> 1.2197683e+08 | Q19: =G19 -> 16015865 | R19: =+ROUND((Q19*0.19),2) -> 3043014.4 | S19: =+ROUND((Q19+R19),2) -> 19058880 | T19: =+S19*$E19 -> 4.5741312e+08 | U19: =+T19*12 -> 5.4889574e+09 | W19: =G19 -> 16015865 | X19: =+ROUND((W19*0.19),2) -> 3043014.4 | Y19: =+W19+X19 -> 19058880 | Z19: =+Y19*E19 -> 4.5741312e+08 | AA19: =+N19*23 -> 3.5068339e+08 | AB19: =+ROUND(Z19*11+AA19,2) -> 5.3822277e+09 | AD19: =+AB19+U19+O19 -> 1.0993162e+10
B20: 2 | C20: Implementación, Licenciamiento, Soporte y Administración De Una Herramienta De Gestión ITSM. | D20: Persona | E20: 1 | G20: ='ANEXO 2 RESULTADO COTIZACIONES'!I20 -> 3.8910188e+08 | H20: =+ROUND((G20*0.19),2) -> 73929358 | I20: =+ROUND((G20+H20),2) -> 4.6303124e+08 | J20: =+I20*$E20 -> 4.6303124e+08 | L20: =+ROUND((G20/30),2) -> 12970063 | M20: =+ROUND((L20*0.19),2) -> 2464311.9 | N20: =+ROUND((L20+M20)*E20,2) -> 15434375 | O20: =+ROUND(N20*8,2) -> 1.23475e+08 | Q20: =G20 -> 3.8910188e+08 | R20: =+ROUND((Q20*0.19),2) -> 73929358 | S20: =+ROUND((Q20+R20),2) -> 4.6303124e+08 | T20: =+S20*$E20 -> 4.6303124e+08 | U20: =+T20*12 -> 5.5563749e+09 | W20: =G20 -> 3.8910188e+08 | X20: =+ROUND((W20*0.19),2) -> 73929358 | Y20: =+W20+X20 -> 4.6303124e+08 | Z20: =+Y20*E20 -> 4.6303124e+08 | AA20: =+N20*23 -> 3.5499062e+08 | AB20: =+ROUND(Z20*11+AA20,2) -> 5.4483343e+09 | AD20: =+AB20+U20+O20 -> 1.1128184e+10
G21: TOTAL | I21: TOTAL | J21: =SUM(J7:J20) -> 2.7004893e+09 | L21: TOTAL | O21: =SUM(O7:O20) -> 7.2013048e+08 | Q21: TOTAL | S21: TOTAL | T21: =SUM(T7:T20) -> 2.7004893e+09 | U21: =SUM(U7:U20) -> 3.2405872e+10 | W21: TOTAL | Y21: TOTAL | Z21: =SUM(Z7:Z20) -> 2.7004893e+09 | AA21: =+SUM(AA7:AA20) -> 2.0703751e+09 | AB21: =SUM(AB7:AB20) -> 3.1775758e+10 | AD21: =SUM(AD7:AD20) -> 6.490176e+10
H24: VALOR MENSUAL BOLSA | L24: VALOR MENSUAL VIGENCIA 2027 | N24: VALOR MENSUAL VIGENCIA 2028 | Q24: VALOR TOTAL BOLSA DE REPUESTOS POR VEINTICUATRO MESES VIGENCIA 2027 Y 2028
B25: Ítem | C25: Descripción del Bien o Servicio | D25: Unidad de Medida | E25: Cantidad | H25: Valor Mensual Incluido IVA | L25: Valor Mensual Incluido IVA | M25: Valor Total Incluido IVA | N25: Valor Mensual Incluido IVA | O25: Valor Total Incluido IVA | Q25: =+M27+O27 -> 2880000000
B26: 8 | C26: Bolsa de Repuestos | D26: Valor Global | E26: 1 | H26: 120000000 | L26: 120000000 | M26: =+L26*12 -> 1440000000 | N26: 120000000 | O26: =+N26*12 -> 1440000000
B27: TOTAL | L27: TOTAL | M27: =M26 -> 1440000000 | N27: TOTAL | O27: =O26 -> 1440000000
B30: EL PRESUPUESTO TOTAL ASIGNADO, INCLUIDO LA BOLSA DE REPUESTOS FIJA ES POR | F30: =+AD21+Q25 -> 6.778176e+10
B32: NOTAS:
B33: 1) En el presente análisis se aplicó el procedimiento de aproximación generalmente aceptado por las reglas matemáticas denominado redondeo, que consiste en acercar los valores decimales al número entero más aproximado (esto es, si el tercer decimal es menor que 5, el segundo decimal se mantiene; si el tercer decimal es igual o mayor que 5, el segundo decimal se incrementa en uno).
B34: 2) El valor asignado a la bolsa de repuestos se establece como un monto fijo, previamente determinado por la Entidad con base en las cotizaciones recibidas y las especificaciones técnicas requeridas, por lo tanto, no será objeto de subasta ni de modificación durante el desarrollo del proceso, debiendo los oferentes acogerlo en los términos establecidos.
B36: Fecha de elaboración:06/10/2026
B38: Elaboró | C38: Catherine Herrera Muñoz Profesional Equipo Estudio del Sector Subdirección Nacional de Gestión Contractual
B39: Aprobó | C39: Vanessa González Villalba Profesional Equipo Estudio del Sector Subdirección Nacional de Gestión Contractual
